AoeStats
← 懿

Arena

505195825Analyzed
4v4 RM · 23d ago on Sep 8, 2026· 34m 46s· 8 players
Game mode
Random Map
Map size
Large (8 player)
Population
200
Speed
Normal
Resources
Standard
Victory
Conquest
Starting age
Dark Age
Ending age
Imperial Age
RankedLock teamsTeams togetherTeam positionsShared explorationLock speedFull tech treeHidden civsTurbo modeCheats
Victory
Defeat
🇨🇳 Vietnamese · China
1289
+9
🇨🇳 Bulgarians · China
1184
+12
🇭🇰 Khmer · Hong Kong SAR China
1084
+16
🇧🇩 Turks · Bangladesh
1124
-13
🇷🇺 Huns · Russia
1115
-13
🇸🇪 Persians · Sweden
1105
-12
🇹🇼 Goths · Taiwan
1082
-12
Gunslinger
10:51 Feudal Age
11:36 Double-Bit Axe
15:07 Castle Age
20:06 Loom
22:42 Horse Collar
24:32 Wheelbarrow
29:51 Imperial Age
28:27 Bow Saw
28:44 Heavy Plow
29:33 Hand Cart
32:01 Two-Man Saw
33:50 Gold Mining
33:52 Stone Mining
Daboss
3:50 Loom
9:30 Feudal Age
9:50 Double-Bit Axe
9:52 Horse Collar
17:55 Castle Age
19:00 Bow Saw
20:34 Stone Mining
21:07 Heavy Plow
22:57 Stone Shaft Mining
23:57 Wheelbarrow
24:14 Gold Mining
26:49 Scale Barding Armor
26:55 Forging
27:18 Hand Cart
28:12 Chain Barding Armor
28:55 Gold Shaft Mining
32:00 Imperial Age
30:08 Murder Holes
30:24 Masonry
32:45 Conscription
32:52 Kamandaran
33:25 Crop Rotation
33:58 Two-Man Saw
32:32 Elite War Elephant
懿
11:17 Feudal Age
15:20 Castle Age
13:26 Double-Bit Axe
13:53 Horse Collar
17:17 Bow Saw
21:15 Heavy Plow
24:14 Wheelbarrow
23:24 Loom
25:14 Hand Cart
26:03 Gold Mining
30:11 Imperial Age
28:30 Anarchy
28:52 Forging
28:42 Scale Mail Armor
29:02 Squires
28:34 Pikeman
30:55 Perfusion
founderr
10:44 Feudal Age
9:03 Loom
10:49 Feudal Age
13:05 Double-Bit Axe
16:01 Castle Age
13:55 Horse Collar
16:59 Bow Saw
16:52 Heavy Plow
17:58 Wheelbarrow
23:07 Stone Mining
24:48 Town Watch
29:59 Imperial Age
27:44 Scale Barding Armor
28:40 Gold Mining
29:14 Chain Barding Armor
29:05 Forging
30:11 Marauders
30:38 Squires
31:01 Husbandry
31:12 Bloodlines
31:26 Conscription
30:33 Elite Tarkan
31:50 Plate Barding Armor
31:51 Iron Casting
30:55 Cavalier
33:16 Two-Man Saw
33:02 Paladin
34:56 Blast Furnace
_TY_梦涯
10:14 Feudal Age
8:59 Loom
9:38 Loom
14:40 Castle Age
13:54 Double-Bit Axe
13:57 Horse Collar
15:30 Bow Saw
36:03 Imperial Age
34:00 Pikeman
34:26 Gambesons
34:41 Squires
34:47 Squires
我想给自己改个简单又不重复的名字
10:52 Feudal Age
15:06 Castle Age
13:34 Double-Bit Axe
13:45 Horse Collar
17:23 Wheelbarrow
23:02 Hand Cart
23:24 Bow Saw
27:21 Imperial Age
25:32 Heavy Plow
25:33 Gold Mining
25:47 Padded Archer Armor
25:45 Treadmill Crane
26:49 Gold Shaft Mining
26:18 Stone Mining
26:29 Loom
27:38 Leather Archer Armor
28:44 Ring Archer Armor
28:27 Guilds
29:28 Two-Man Saw
33:45 Town Watch
33:57 Fletching
34:38 Conscription
35:00 Bombard Tower
35:01 Ballistics
34:53 Masonry
34:38 Murder Holes
35:25 Artillery
Mr.Robin
10:54 Feudal Age
14:48 Castle Age
12:56 Double-Bit Axe
13:04 Horse Collar
15:39 Bow Saw
15:59 Heavy Plow
16:48 Wheelbarrow
21:11 Stone Mining
22:15 Gold Mining
23:36 Hand Cart
24:27 Stone Shaft Mining
24:22 Fletching
25:12 Loom
28:50 Imperial Age
26:07 Town Watch
27:01 Ballistics
26:35 Fletching
26:45 Padded Archer Armor
26:50 Treadmill Crane
27:20 Bodkin Arrow
27:40 Leather Archer Armor
27:29 Squires
28:23 Scale Mail Armor
28:33 Thumb Ring
29:36 Bracer
30:38 Chemistry
29:45 Siege Engineers
30:39 Ring Archer Armor
30:36 Elite Rattan Archer
33:25 Paper Money
33:49 Chain Mail Armor
33:45 Forging
_TY_Power
10:28 Feudal Age
11:11 Loom
13:55 Castle Age
12:34 Double-Bit Axe
13:35 Horse Collar
23:20 Bow Saw
24:13 Heavy Plow
25:18 Wheelbarrow
29:08 Imperial Age
27:03 Gold Mining
27:20 Stone Mining
28:58 Hand Cart
29:10 Heavy Scorpion
29:59 Siege Engineers
29:56 Double Crossbow
30:17 Conscription
32:12 Chemistry
31:06 Fletching
31:21 Town Watch
32:00 Ballistics
31:59 Murder Holes
32:16 Masonry
33:03 Gold Shaft Mining
34:26 Coinage
35:32 Stone Shaft Mining
Connection lost

Rejoining the realm…

Still unreachable

The connection could not be restored.

Session expired

The server has moved on; the page needs a fresh start.